AoeStats
← Joaking

Fortress

508066470Analyzed
4v4 RM · 11d ago on Sep 20, 2026· 40m 46s· 8 players
Game mode
Random Map
Map size
Huge
Population
200
Speed
Normal
Resources
Standard
Victory
Conquest
Starting age
Dark Age
Ending age
Imperial Age
RankedLock teamsTeams togetherTeam positionsShared explorationLock speedFull tech treeHidden civsTurbo modeCheats
Victory
Defeat
🇦🇷 Maya · Argentina
1167
+16
🇯🇵 Malians · Japan
1125
+17
🇧🇷 Japanese · Brazil
1110
+18
🇨🇱 Saracens · Chile
1051
+21
🇬🇧 Celts · United Kingdom
1170
-19
🇳🇱 Britons · Netherlands
1165
-18
🇨🇳 Lithuanians · China
1152
-18
🇮🇹 Georgians · Italy
1135
-17
LeightonDunk11
7:41 Feudal Age
8:12 Loom
11:42 Castle Age
10:32 Horse Collar
10:40 Double-Bit Axe
12:57 Wheelbarrow
16:03 Scale Mail Armor
18:27 Forging
21:51 Arson
27:37 Bow Saw
32:34 Imperial Age
34:14 Furor Celtica
timon_1994
7:20 Feudal Age
8:25 Horse Collar
13:18 Castle Age
11:57 Double-Bit Axe
12:21 Loom
14:26 Wheelbarrow
16:07 Wheelbarrow
15:30 Gold Mining
16:09 Bow Saw
18:10 Wheelbarrow
17:41 Heavy Plow
17:52 Stone Mining
19:54 Gold Shaft Mining
19:29 Padded Archer Armor
19:19 Fletching
23:02 Fortified Wall
23:03 Masonry
26:40 Imperial Age
24:50 Bodkin Arrow
26:22 Leather Archer Armor
28:09 Architecture
29:05 Conscription
28:52 Warwolf
28:54 Bracer
29:25 Ring Archer Armor
29:43 Hand Cart
29:13 Town Watch
31:21 Ballistics
31:01 Murder Holes
32:29 Two-Man Saw
31:55 Elite Longbowman
36:18 Hoardings
Ubi maior
8:41 Feudal Age
6:58 Loom
12:35 Castle Age
10:37 Double-Bit Axe
10:47 Horse Collar
12:40 Loom
12:52 Gold Mining
13:49 Bow Saw
14:50 Wheelbarrow
15:31 Heavy Plow
16:33 Stone Mining
19:41 Hand Cart
22:35 Forging
23:09 Scale Barding Armor
23:58 Iron Casting
24:42 Husbandry
26:00 Chain Barding Armor
27:19 Bloodlines
31:52 Imperial Age
33:42 Plate Barding Armor
34:08 Blast Furnace
32:30 Elite Monaspa
34:17 Chemistry
33:37 Ballistics
34:22 Crop Rotation
34:32 Stone Shaft Mining
37:10 Fletching
37:20 Padded Archer Armor
战丶无双
7:27 Feudal Age
11:37 Castle Age
10:06 Double-Bit Axe
10:36 Horse Collar
16:17 Wheelbarrow
20:05 Heavy Plow
20:20 Bow Saw
22:44 Gold Mining
22:44 Stone Mining
27:25 Imperial Age
26:49 Loom
27:21 Hand Cart
28:43 Town Watch
30:12 Conscription
30:06 Scale Barding Armor
30:12 Forging
31:11 Stone Shaft Mining
31:23 Crop Rotation
31:24 Chain Barding Armor
31:43 Iron Casting
31:56 Tower Shields
32:29 Bloodlines
32:19 Husbandry
33:33 Two-Man Saw
32:28 Cavalier
33:50 Ballistics
34:30 Chemistry
34:34 Plate Barding Armor
33:51 Fletching
34:06 Paladin
35:02 Bodkin Arrow
35:09 Padded Archer Armor
Joaking
7:47 Feudal Age
12:32 Castle Age
14:12 Double-Bit Axe
14:42 Loom
16:52 Scale Barding Armor
32:30 Imperial Age
32:00 Wheelbarrow
31:10 Town Watch
31:07 Horse Collar
31:39 Bow Saw
32:52 Thumb Ring
33:16 Chain Barding Armor
33:20 Forging
32:36 Elite Mameluke
33:41 Conscription
33:48 Bloodlines
33:45 Husbandry
41:22 Plate Barding Armor
41:23 Iron Casting
40:39 Fletching
CherniyVeter
6:27 Feudal Age
6:56 Double-Bit Axe
6:55 Horse Collar
9:15 Wheelbarrow
8:58 Gold Mining
14:07 Castle Age
14:44 Forging
15:47 Husbandry
16:16 Bow Saw
16:25 Fervor
16:50 Scale Barding Armor
16:45 Scale Mail Armor
21:03 Squires
24:05 Town Watch
25:58 Hand Cart
25:29 Loom
29:28 Imperial Age
27:02 Town Patrol
28:26 Stone Mining
29:11 Gold Shaft Mining
28:39 Heavy Plow
28:59 Chain Mail Armor
29:19 Iron Casting
29:05 Chain Barding Armor
28:09 Pikeman
28:34 Arson
30:43 Plate Mail Armor
30:17 Farimba
30:38 Conscription
31:30 Bloodlines
30:41 Light Cavalry
30:46 Heavy Camel Rider
31:28 Fletching
31:39 Padded Archer Armor
33:36 Sanctity
36:44 Man-at-Arms
37:41 Leather Archer Armor
37:21 Bodkin Arrow
38:02 Plate Barding Armor
38:14 Long Swordsman
39:11 Two-Handed Swordsman
40:23 Ring Archer Armor
39:16 Elite Gbeto
39:47 Champion
SirT_Efaisto
8:28 Feudal Age
9:26 Horse Collar
14:06 Castle Age
14:15 Loom
14:21 Double-Bit Axe
16:16 Town Watch
18:16 Squires
18:20 Scale Mail Armor
18:54 Bow Saw
20:29 Wheelbarrow
22:09 Chain Mail Armor
22:40 Arson
23:47 Forging
26:21 Iron Casting
31:44 Imperial Age
29:21 Heavy Plow
31:03 Hand Cart
30:49 Town Patrol
32:41 Masonry
33:39 Kataparuto
34:00 Conscription
37:03 Elite Samurai
38:42 Plate Mail Armor
40:36 Blast Furnace
39:44 Treadmill Crane
El Rey de los Mancos
0:27 Loom
8:24 Feudal Age
12:38 Castle Age
10:54 Fletching
11:30 Double-Bit Axe
11:32 Horse Collar
13:41 Bodkin Arrow
20:19 Ballistics
25:32 Imperial Age
23:20 Padded Archer Armor
25:06 Leather Archer Armor
26:16 Bracer
31:08 Bow Saw
33:49 Chemistry
33:25 Conscription
32:55 Town Watch
37:44 Ring Archer Armor
39:19 Wheelbarrow
39:12 Elite Plumed Archer
Connection lost

Rejoining the realm…

Still unreachable

The connection could not be restored.

Session expired

The server has moved on; the page needs a fresh start.